 Dungeon Crawl Stone Soup version 0.31.0-11-ge490571c62 (webtiles) character file.

Game seed: 15586210569229362552

34 protoss039 the Digger (level 3, -6/24 (26) HPs)
             Began as a Demonspawn Earth Elementalist on Jan 28, 2024.
             Mangled by Crazy Yiuf
             ... wielding a +3 quarterstaff of chaos
              (12 damage)
             ... on level 2 of the Dungeon.
             The game lasted 00:01:50 (1862 turns).

protoss039 the Digger (DsEE)                        Turns: 1862, Time: 00:01:51

HP:   -6/24 (26)    AC:  2    Str:  8    XL:     3   Next: 14%
MP:   4/6           EV: 12    Int: 17    God:
Gold: 114           SH:  0    Dex: 13    Spells: 6/7 levels left

rFire   . . .        j - +0 short sword
rCold   . . .        (no shield)
rNeg    . . .        a - +0 robe
rPois   .            (helmet restricted)
rElec   .            (no cloak)
rCorr   +            (no gloves)
SInv    .            (no boots)
Will    .....        (no amulet)
Stlth   ++           f - ring of resist corrosion
HPRegen 0.24/turn    (no ring)
MPRegen 0.10/turn

%: no passive effects
@: drained
A: antennae 2
a: no special abilities


You were on level 2 of the Dungeon.
You visited 1 branch of the dungeon, and saw 2 of its levels.

You collected 114 gold pieces.

Inventory:

Hand Weapons
 j - a +0 short sword (weapon)
Armour
 a - a +0 robe (worn)
Jewellery
 f - a ring of resist corrosion (left hand)
Wands
 l - a wand of mindburst (15)
Scrolls
 c - a scroll of fog {unknown}
 h - a scroll of identify {unknown}
 i - a scroll of immolation {unknown}
 m - a scroll of enchant weapon {unknown}
Potions
 b - a potion of magic
 d - 3 potions of heal wounds {unknown}
 e - 3 potions of enlightenment {unknown}
 g - 3 potions of attraction {unknown}
 k - a potion of lignification {unknown}
 n - a potion of curing {unknown}


   Skills:
 + Level 1.4 Fighting
 - Level 1.7 Dodging
 - Level 1.7 Stealth
 + Level 2.5 Spellcasting
 - Level 1.0 Conjurations
 + Level 3.1 Earth Magic


You had 6 spell levels left.
You knew the following spells:

 Your Spells              Type           Power      Damage    Failure   Level
a - Sandblast             Erth           24%        2d8       4%          1

Your spell library contained the following spells:

 Spells                   Type           Power      Damage    Failure   Level
 Passwall                 Erth           12%        N/A       16%         3
 Stone Arrow              Conj/Erth      18%        3d8       24%         3
 Brom's Barrelling Bould  Conj/Erth      9%         2d3       61%         4
 Petrify                  Alch/Erth      7%         N/A       67%         4


Dungeon Overview and Level Annotations

Branches:
Dungeon (2/15)

Altars:

Annotations:
D:2 Crazy Yiuf


Innate Abilities, Weirdness & Mutations

You have a pair of antennae on your head.


Message History

You see here 2 stones.
There is an open door here.
There is a stone staircase leading up here.
Crazy Yiuf shouts!
Crazy Yiuf screams, "Lugonu!"
No reachable target in view!
Could not explore, unopened runed door.
No reachable target in view!
Could not explore, unopened runed door.
No reachable target in view!
Could not explore, unopened runed door.
No reachable target in view!
Could not explore, unopened runed door.
No reachable target in view!
Could not explore, unopened runed door.
Could not explore, unopened runed door.
No reachable target in view!
Could not explore, unopened runed door.
You open the door.
Casting: Sandblast (safe; 4% risk of failure)
Confirm with . or Enter, or press ? or * to list all spells.
Aiming: Sandblast (safe; 4% risk of failure)
Press: ? - help, Shift-Dir - straight line, f - Crazy Yiuf
Aim: Crazy Yiuf, wielding a +3 quarterstaff of chaos and wearing a +0 cloak (84% to hit)
The blast of sand hits Crazy Yiuf.
Crazy Yiuf is moderately wounded.
Crazy Yiuf hits you with a +3 quarterstaff of chaos!
Ouch! That really hurt!
You feel drained.
* * * LOW HITPOINT WARNING * * *
Casting: Sandblast (safe; 4% risk of failure)
Confirm with . or Enter, or press ? or * to list all spells.
Aiming: Sandblast (safe; 4% risk of failure)
Press: ? - help, Shift-Dir - straight line, f/p - Crazy Yiuf
Aim: Crazy Yiuf, wielding a +3 quarterstaff of chaos and wearing a +0 cloak (moderately wounded, 84% to hit)
The blast of sand hits Crazy Yiuf!
Crazy Yiuf is severely wounded.
Crazy Yiuf hits you with a +3 quarterstaff of chaos!
Ouch! That really hurt!
You die...

.'.......#.###....###########
.####.####.# #....#
......#....# ♣....♣
.####....#.# ♣...♣♣ .#
###..#.# ♣♣.♣♣ ## #..#.# ♣.♣♣
#####..### ♣♣.♣ ###...#.<#
♣.♣♣ #.#...#.## ♣♣@♣
........# #g# #.#...######
... #####......# #...#
#.####.# #..)# #......# #####
#......# #......# ###
#####'###.## #.#


You could see Crazy Yiuf.

Vanquished Creatures
  3 bats
  An endoplasm (D:2)
  3 giant cockroaches
  3 goblins
  5 hobgoblins
  2 quokkas (D:2)
  6 ball pythons
  3 frilled lizards
  3 kobolds
  4 rats (D:1)
33 creatures vanquished.

Notes
Turn   | Place    | Note
-------+----------+-------------------------------------------
     0 | D:1      | protoss039 the Demonspawn Earth Elementalist began the
                  | quest for the Orb.
     0 | D:1      | Reached XP level 1. HP: 13/13 MP: 3/3
   475 | D:1      | Gained mutation: You have a pair of small antennae on your
                  | head. [demonic ancestry]
   475 | D:1      | Reached XP level 2. HP: 20/20 MP: 1/5
   932 | D:2      | Reached skill level 1 in Fighting
   962 | D:2      | Reached skill level 3 in Earth Magic
  1422 | D:2      | Gained mutation: You have a pair of antennae on your head.
                  | [demonic ancestry]
  1422 | D:2      | Reached XP level 3. HP: 24/26 MP: 6/6
  1646 | D:2      | Found a runed translucent door.
  1647 | D:2      | Noticed Crazy Yiuf
  1862 | D:2      | Mangled by Crazy Yiuf

Illustrated notes

Levels and vault maps discovered:
D:1:      dpeg_arrival_central, layout_basic, chequers_garden,
          corexii_corridor_pit
D:2:      layout_basic, serial_corexii_hall, corexii_hall_statues_l,
          chequers_hall_statues_y, nicolae_figureground_sparkle,
          uniq_crazy_yiuf_cottage

Skill      XL: |  1  2 |
---------------+-------+-----
Fighting       | 1 |  1.4
Earth Magic    | 3 |  3.1
Dodging        | |  1.7
Stealth        | |  1.7
Spellcasting   | |  2.5
Conjurations   | |  1.0

Action                     || total
---------------------------++-------
  Melee: Unarmed           ||    38
         Short sword       ||    46
         Punch             ||     1
   Cast: Sandblast         ||    28
   Stab: Sleeping          ||     4
 Armour: Robe              ||    47
  Dodge: Dodged            ||    61
